 Dungeon Crawl Stone Soup version 0.29-a0-477-g62b78b4225 (webtiles) character file.

Game seed: 2917091845488288688

902 spaghetti the Fighter (level 8, -1/71 HPs)
             Began as a Gnoll Wanderer on May 24, 2022.
             Was a Believer of Okawaru.
             Slain by a yak (3 damage)
             ... on level 6 of the Dungeon.
             The game lasted 00:06:21 (4266 turns).

spaghetti the Fighter (Gnoll Wanderer)              Turns: 4266, Time: 00:06:21

Health: -1/71      AC:  1    Str: 18    XL:     8   Next: 7%
Magic:  0/16       EV: 12    Int: 16    God:    Okawaru [**....]
Gold:   158        SH:  0    Dex:  9    Spells: 12/18 levels left

rFire   . . .      SeeInvis .   g - +2 short sword (venom) {short}
rCold   . . .      Faith    .   (no shield)
rNeg    . . .      Spirit   +   b - +0 robe
rPois   .          Reflect  .   p - +0 helmet
rElec   .          Harm     .   (no cloak)
rCorr   .          Rampage  .   h - +1 pair of gloves
Will    .....                   (no boots)
Stlth   ++........              k - amulet of guardian spirit
HPRegen 0.21/turn               m - +6 ring of strength
MPRegen 0.15/turn               (no ring)

@: corroded
A: fangs 1, strong nose, distributed training
a: Renounce Religion, Heroism


You were on level 6 of the Dungeon.
You worshipped Okawaru.
Okawaru was pleased with you.
You visited 1 branch of the dungeon, and saw 6 of its levels.

You collected 158 gold pieces.


Innate Abilities, Weirdness & Mutations

You have very sharp teeth.
Your uncanny sense of smell can sniff out nearby items.
Your experience applies equally to all skills.


   Skills:
 + Level 9.0 Fighting
 + Level 2.9 Short Blades
 + Level 2.9 Long Blades
 + Level 2.9 Axes
 + Level 2.9 Maces & Flails
 + Level 2.9 Polearms
 + Level 2.9 Staves
 + Level 2.9 Slings
 + Level 2.9 Bows
 + Level 2.9 Crossbows
 + Level 2.9 Throwing
 + Level 2.9 Armour
 + Level 2.9 Dodging
 + Level 2.9 Stealth
 + Level 2.9 Shields
 + Level 2.9 Unarmed Combat
 + Level 5.8 Spellcasting
 + Level 2.3 Conjurations
 + Level 2.3 Hexes
 + Level 2.3 Summonings
 + Level 2.3 Necromancy
 + Level 2.3 Translocations
 + Level 4.5 Transmutations
 + Level 2.3 Fire Magic
 + Level 2.3 Ice Magic
 + Level 2.3 Air Magic
 + Level 2.3 Earth Magic
 + Level 4.5 Poison Magic
 + Level 3.2 Invocations
 + Level 2.9 Evocations


You had 12 spell levels left.
You knew the following spells:

 Your Spells              Type           Power      Damage    Failure   Level
a - Sting                 Tmut/Pois      76%        1d6       2%          1
b - Wereblood             Tmut           19%        N/A       3%          2
c - Ignite Poison         Fire/Tmut/Pois 16%        N/A       9%          3

Your spell library contained the following spells:

 Spells                   Type           Power      Damage    Failure   Level
 Passwall                 Tmut/Erth      12%        N/A       4%          2
 Sandblast                Erth           24%        2d8       5%          1
 Stone Arrow              Conj/Erth      24%        3d8       16%         3
 Corpse Rot               Necr/Pois/Air  14%        N/A       36%         4

Inventory:

Hand Weapons
 a - a +0 club {mace}
 g - a +2 short sword of venom (weapon) {short}
   (You took it off a kobold on level 1 of the Dungeon)
Missiles
 d - 87 stones (quivered) {throwing}
Armour
 b - a +0 robe (worn)
 f - the +9 ring mail "Ketofan" {Str+3}
   (You found it on level 4 of the Dungeon)

   Str:       It affects your strength (+3).
 h - a +1 pair of gloves (worn)
   (You found it on level 3 of the Dungeon)
 p - a +0 helmet (worn)
   (You found it on level 2 of the Dungeon)
Jewellery
 e - a ring of ice
   (You found it on level 3 of the Dungeon)
 k - an amulet of guardian spirit (around neck)
   (You found it on level 1 of the Dungeon)
 m - a +6 ring of strength (left hand)
   (You found it on level 1 of the Dungeon)
Scrolls
 c - 2 scrolls of fog
 l - a scroll of poison {!r}
 n - a scroll of identify {@r1}
 o - 2 scrolls of enchant weapon
Potions
 q - a potion of flight
 r - a potion of degeneration {!q@e2}

Dungeon Overview and Level Annotations

Branches:
Dungeon (6/15)             Temple (0/1) D:6

Altars:
Okawaru
Beogh

#..#. #?.#.
##.#.##### #........#
#........# #.#
#........# #.#
#....Y...#####.#
#....J@......#.#
......†#####.....# ##
###...# ∆ ∆##.##.# #.
...... #.##.# #.
..... #.##.##### #.
..... #.##.....###.
.... #....♣.♣.....
#####.
..≈..#.#...>...##.
#.##...##.##.♣.♣..##.


You could see a yak (very poisoned) and a jelly (poisoned).


Message History

The sting hits the yak.
The yak is poisoned. 😕 MP[-1]
You lost 1 mp, and now have 9/15 mp.
Casting: Sting (safe; 2% risk of failure)
Confirm with . or Enter, or press ? or * to list all spells.
Aiming: Sting (safe; 2% risk of failure)
Press: ? - help, Shift-Dir - straight line, f/p - yak
Aim: a yak (lightly wounded, poisoned, 84% to hit)
The sting hits the yak.
The yak looks even sicker.
The yak closely misses you. 😕 MP[-1]
You lost 1 mp, and now have 8/15 mp.
Casting: Sting (safe; 2% risk of failure)
Confirm with . or Enter, or press ? or * to list all spells.
Aiming: Sting (safe; 2% risk of failure)
Press: ? - help, Shift-Dir - straight line, f/p - yak
Aim: a yak (moderately wounded, very poisoned, 84% to hit)
The sting hits the yak.
The yak looks even sicker.
The yak gores you but does no damage. 😕 MP[-1]
You lost 1 mp, and now have 7/15 mp.
Casting: Sting (safe; 2% risk of failure)
Confirm with . or Enter, or press ? or * to list all spells.
Aiming: Sting (safe; 2% risk of failure)
Press: ? - help, Shift-Dir - straight line, f - yak, p - yak
Aim: a yak (84% to hit)
The sting hits the yak.
The yak is poisoned.
The yak barely misses you. The yak gores you but does no damage.
The jelly jiggles. 😕 HP[+1] MP[-1]
You lost 1 mp, and now have 6/15 mp.
Casting: Sting (safe; 2% risk of failure)
Confirm with . or Enter, or press ? or * to list all spells.
Aiming: Sting (safe; 2% risk of failure)
Press: ? - help, Shift-Dir - straight line, p - yak The yak barely misses you. x2
Casting: Sting (safe; 2% risk of failure)
Confirm with . or Enter, or press ? or * to list all spells.
Aiming: Sting (safe; 2% risk of failure)
Press: ? - help, Shift-Dir - straight line The yak gores you!
The yak gores you but does no damage. 😮 HP[-10] MP[-2]
You take 10 damage, and now have 46/64 hp.
You lost 2 mp, and now have 4/15 mp.
Casting: Sting (safe; 2% risk of failure)
Confirm with . or Enter, or press ? or * to list all spells.
You ignite the poison in your surroundings!
The yak seems to burn from within!
The yak seems to burn from within!!!
You kill the yak!
Okawaru is honoured by your kill. The yak barely misses you.
The jelly hits you but does no damage.
You have reached level 8!
You feel clever. 😮 HP[+5] MP[-3]
You now have 71 max hp (+7).
You regained 5 hp, and now have 51/71 hp.
You lost 3 mp, and now have 1/16 mp.
Unknown command.
Casting: Ignite Poison (dangerous; 9% risk of failure)
Confirm with . or Enter, or press ? or * to list all spells.
Aiming: Sting (safe; 2% risk of failure)
Press: ? - help, Shift-Dir - straight line, f - jelly
Aim: a jelly (100% to hit)
The sting hits the jelly.
The jelly partially resists.
The jelly is poisoned.
The yak misses you. The jelly hits you.
You are splashed with acid! 😮 HP[-9] MP[-1]
You take 9 damage, and now have 42/71 hp.
You lost 1 mp, and now have 0/16 mp.
Casting: Sting (safe; 2% risk of failure)
Confirm with . or Enter, or press ? or * to list all spells.
You don't have enough magic to cast this spell.
Casting: Sting (safe; 2% risk of failure)
Confirm with . or Enter, or press ? or * to list all spells.
You don't have enough magic to cast this spell.
You don't have enough magic at the moment.
Unknown command.
Unknown command.
You hit the yak but do no damage.
The yak is poisoned.
You bite the yak. The yak gores you!
* * * LOW HITPOINT WARNING * * *
The jelly hits you.
* * * LOW HITPOINT WARNING * * *
The acid corrodes you!
You are splashed with acid!
* * * LOW HITPOINT WARNING * * *
😱 HP[-26]
You take 26 damage, and now have 16/71 hp.
MASSIVE DAMAGE!! (PAUSE) Unknown command.
You hit the jelly.
Your hands burn!
* * * LOW HITPOINT WARNING * * *
The jelly misses you. The yak barely misses you. 😱 HP[-3]
You take 3 damage, and now have 13/71 hp.
Unknown command.
Unknown command.
The yak attacks as you move away! The yak gores you!
* * * LOW HITPOINT WARNING * * *
😱 HP[-11]
You take 11 damage, and now have 2/71 hp.
The yak attacks as you move away! The yak gores you.
You die...

Skill      XL: |  1  2  3  4  5  6  7 |
---------------+----------------------+-----
Spellcasting   | 5 |  5.8
Short Blades   | 1 2 |  2.9
Long Blades    | 1 2 |  2.9
Axes           | 1 2 |  2.9
Maces & Flails | 1 2 |  2.9
Polearms       | 1 2 |  2.9
Staves         | 1 2 |  2.9
Slings         | 1 2 |  2.9
Bows           | 1 2 |  2.9
Crossbows      | 1 2 |  2.9
Throwing       | 1 2 |  2.9
Armour         | 1 2 |  2.9
Dodging        | 1 2 |  2.9
Stealth        | 1 2 |  2.9
Shields        | 1 2 |  2.9
Unarmed Combat | 1 2 |  2.9
Invocations    | 1 2 3 |  3.2
Evocations     | 1 2 |  2.9
Conjurations   | 1 2 |  2.3
Hexes          | 1 2 |  2.3
Summonings     | 1 2 |  2.3
Necromancy     | 1 2 |  2.3
Translocations | 1 2 |  2.3
Fire Magic     | 1 2 |  2.3
Ice Magic      | 1 2 |  2.3
Air Magic      | 1 2 |  2.3
Earth Magic    | 1 2 |  2.3
Transmutations | 4 |  4.5
Poison Magic   | 4 |  4.5
Fighting       | 9 |  9.0

Action                   |  1- 3 |  4- 6 |  7- 9 || total
-------------------------+-------+-------+-------++-------
Melee: Club              |    10 |       |       ||    10
       Short sword       |    44 |   128 |    43 ||   215
       Bite              |     3 |    19 |     5 ||    27
       Punch             |       |     2 |     2 ||     4
Throw: Stone             |    37 |    25 |       ||    62
 Cast: Sting             |    14 |    14 |     7 ||    35
       Ignite Poison     |     1 |     1 |     3 ||     5
  Use: Potion            |       |     5 |       ||     5
       Scroll            |       |     7 |       ||     7
 Stab: Sleeping          |     1 |     3 |       ||     4
Armor: Robe              |     6 |    43 |    12 ||    61
Dodge: Dodged            |    41 |    94 |    28 ||   163

Levels and vault maps discovered:
D:1:      minmay_arrival_shattered_statue, layout_rooms,
          ebering_ecumenical_altar_hall
D:2:      layout_basic, minmay_tromino_v4_b, uniq_terence
D:3:      layout_rooms, okawaru_ov_weapons_minmay, kennysheep_orc_chapel
D:4:      kennysheep_spiral_hall, layout_loops_cross, grunt_ministairs_6,
          minmay_surrounded
D:5:      layout_rooms
D:6:      layout_basic, nicolae_overflow_hidden_temple,
          minmay_temple_entry_trees, minmay_fire_ice_demons

Notes
Turn   | Place    | Note
-------+----------+-------------------------------------------
     0 | D:1      | spaghetti the Gnoll Wanderer began the quest for the Orb.
     0 | D:1      | spaghetti set off with the following items: a +0 club
                  | {mace}, a +0 robe, 2 scrolls of fog; and the following
                  | spell memorised: Sting; and the following spells available
                  | to memorise: Wereblood, Passwall, Ignite Poison, Corpse Rot
     0 | D:1      | Reached XP level 1. HP: 26/26 MP: 6/6
     0 | D:1      | magus.rc [v1.9.6]
   390 | D:1      | You pick up a book of Geomancy and begin reading...
   390 | D:1      | You add the spells Sandblast and Stone Arrow to your
                  | library.
   411 | D:1      | Reached XP level 2. HP: 30/33 MP: 2/7
   472 | D:1      | Found a faded altar of an unknown god.
   499 | D:1      | Learned a level 2 spell: Wereblood
   888 | D:1      | Reached XP level 3. HP: 33/38 MP: 7/9
   892 | D:1      | Learned a level 3 spell: Ignite Poison
  1056 | D:2      | Reached skill level 5 in Spellcasting
  1290 | D:2      | Noticed Terence
  1300 | D:2      | Killed Terence
  1301 | D:2      | Reached skill level 1 in Short Blades
  1301 | D:2      | Reached skill level 1 in Long Blades
  1301 | D:2      | Reached skill level 1 in Axes
  1301 | D:2      | Reached skill level 1 in Maces & Flails
  1301 | D:2      | Reached skill level 1 in Polearms
  1301 | D:2      | Reached skill level 1 in Staves
  1301 | D:2      | Reached skill level 1 in Slings
  1301 | D:2      | Reached skill level 1 in Bows
  1301 | D:2      | Reached skill level 1 in Crossbows
  1301 | D:2      | Reached skill level 1 in Throwing
  1301 | D:2      | Reached skill level 1 in Armour
  1301 | D:2      | Reached skill level 1 in Dodging
  1301 | D:2      | Reached skill level 1 in Stealth
  1301 | D:2      | Reached skill level 1 in Shields
  1301 | D:2      | Reached skill level 1 in Unarmed Combat
  1301 | D:2      | Reached skill level 1 in Invocations
  1301 | D:2      | Reached skill level 1 in Evocations
  1301 | D:2      | Reached XP level 4. HP: 30/45 MP: 0/11
  2336 | D:3      | Reached skill level 1 in Conjurations
  2336 | D:3      | Reached skill level 1 in Hexes
  2336 | D:3      | Reached skill level 1 in Summonings
  2336 | D:3      | Reached skill level 1 in Necromancy
  2336 | D:3      | Reached skill level 1 in Translocations
  2336 | D:3      | Reached skill level 1 in Fire Magic
  2336 | D:3      | Reached skill level 1 in Ice Magic
  2336 | D:3      | Reached skill level 1 in Air Magic
  2336 | D:3      | Reached skill level 1 in Earth Magic
  2341 | D:3      | HP: 11/45 [orc priest/divine providence (16)]
  2344 | D:3      | Reached XP level 5. HP: 20/51 MP: 1/12
  2354 | D:3      | HP: 12/51 [orc/+0 hand axe (2)]
  2796 | D:3      | Reached skill level 4 in Transmutations
  2796 | D:3      | Reached skill level 4 in Poison Magic
  2915 | D:3      | Found an iron altar of Okawaru.
  3065 | D:3      | Reached skill level 2 in Invocations
  3065 | D:3      | Reached XP level 6. HP: 26/57 MP: 7/13
  3067 | D:3      | HP: 13/57 [orc/+0 short sword (3)]
  3068 | D:3      | HP: 6/57 [orc/+0 short sword (1)]
  3099 | D:3      | HP: 9/57 [orc wizard/+0 dagger (1)]
  3349 | D:3      | Became a worshipper of Warmaster Okawaru
  3508 | D:4      | Identified the +9 ring mail "Ketofan" {Str+3}
  3512 | D:5      | Entered Level 5 of the Dungeon
  3533 | D:6      | Reached skill level 2 in Short Blades
  3533 | D:6      | Reached skill level 2 in Long Blades
  3533 | D:6      | Reached skill level 2 in Axes
  3533 | D:6      | Reached skill level 2 in Maces & Flails
  3533 | D:6      | Reached skill level 2 in Polearms
  3533 | D:6      | Reached skill level 2 in Staves
  3533 | D:6      | Reached skill level 2 in Slings
  3533 | D:6      | Reached skill level 2 in Bows
  3533 | D:6      | Reached skill level 2 in Crossbows
  3533 | D:6      | Reached skill level 2 in Throwing
  3533 | D:6      | Reached skill level 2 in Armour
  3533 | D:6      | Reached skill level 2 in Dodging
  3533 | D:6      | Reached skill level 2 in Stealth
  3533 | D:6      | Reached skill level 2 in Shields
  3533 | D:6      | Reached skill level 2 in Unarmed Combat
  3533 | D:6      | Reached skill level 2 in Evocations
  3746 | D:6      | Found a staircase to the Ecumenical Temple.
  3918 | D:6      | Reached XP level 7. HP: 63/63 MP: 15/15
  4013 | D:6      | Reached * piety under Okawaru
  4014 | D:6      | Reached skill level 2 in Conjurations
  4014 | D:6      | Reached skill level 2 in Hexes
  4014 | D:6      | Reached skill level 2 in Summonings
  4014 | D:6      | Reached skill level 2 in Necromancy
  4014 | D:6      | Reached skill level 2 in Translocations
  4014 | D:6      | Reached skill level 2 in Fire Magic
  4014 | D:6      | Reached skill level 2 in Ice Magic
  4014 | D:6      | Reached skill level 2 in Air Magic
  4014 | D:6      | Reached skill level 2 in Earth Magic
  4247 | D:6      | Noticed a yak
  4248 | D:6      | Noticed a yak
  4249 | D:6      | Noticed a yak
  4254 | D:6      | Killed a yak
  4255 | D:6      | Reached skill level 9 in Fighting
  4255 | D:6      | Reached skill level 3 in Invocations
  4261 | D:6      | Killed a yak
  4261 | D:6      | Reached ** piety under Okawaru
  4262 | D:6      | Reached XP level 8. HP: 51/71 MP: 1/16
  4263 | D:6      | HP: 16/71 [acid (11)]
  4265 | D:6      | HP: 2/71 [yak (11)]
  4266 | D:6      | Slain by a yak

Vanquished Creatures
  2 yaks (D:6)
  An ogre (D:5)
  A bullfrog (D:6)
  A crimson imp (D:6)
  A jelly (D:6)
  4 orc priests (D:3)
  Terence (D:2)
  4 iguanas (D:6)
  2 orc wizards
  2 adders
  A white imp (D:6)
  2 dart slugs
  2 worms (D:2)
  14 orcs
  6 endoplasms
  A giant cockroach (D:3)
  5 goblins
  3 hobgoblins
  10 jackals (D:1)
  3 quokkas
  4 ball pythons
  2 bats
  A frilled lizard (D:1)
  5 kobolds
  2 rats
80 creatures vanquished.

Table legend:
 A = Non-vault XP
 B = Vault XP
 C = Vault XP percentage of total XP
 D = Non-vault monster count
 E = Vault monster count
 F = Vault count percentage of total count
                 A         B        C        D         E       F
            +---------+---------+-------+---------+---------+-------
      Total |    1065 |     224 |  17.4 |      71 |       9 |  11.2
            +---------+---------+-------+---------+---------+-------
        D:1 |      35 |       0 |   0.0 |      20 |       0 |   0.0
        D:2 |      39 |      45 |  53.6 |      13 |       4 |  23.5
        D:3 |     122 |     116 |  48.7 |      19 |       3 |  13.6
        D:5 |     117 |       0 |   0.0 |       2 |       0 |   0.0
        D:6 |     752 |      63 |   7.7 |      17 |       2 |  10.5
            +---------+---------+-------+---------+---------+-------

Illustrated notes

Table legend:
 A = Kills in this place as a percentage of kills in entire the game.
 B = Kills by you in this place as a percentage of kills by you in the entire game.
 C = Kills by friends in this place as a percentage of kills by friends in the entire game.
 D = Other kills in this place as a percentage of other kills in the entire game.
 E = Experience gained in this place as a percentage of experience gained in the entire game.
 F = Experience gained in this place divided by the number of levels of this place that you have seen.
                   A       B       C       D       E      F
               +-------+-------+-------+-------+-------+----------------------
         Total | 100.0 | 100.0 |   N/A |   N/A | 100.0 | 214.8
       Dungeon | 100.0 | 100.0 |   N/A |   N/A | 100.0 | 214.8
               +-------+-------+-------+-------+-------+----------------------

Table legend: (Time is in decaauts)
 A = Elapsed time spent in this place.
 B = Non-inter-level travel time spent in this place.
 C = Inter-level travel time spent in this place.
 D = Time resting spent in this place.
 E = Time spent auto-exploring this place.
 F = Levels seen in this place.
 G = Mean time per level.
                   A        B        C        D        E       F      G
               +--------+--------+--------+--------+--------+-----+--------+
         Total |   4276 |   4222 |     54 |    875 |   2728 |   6 |  712.7 |
       Dungeon |   4276 |   4222 |     54 |    875 |   2728 |   6 |  712.7 |
               +--------+--------+--------+--------+--------+-----+--------+

Top non-repeatable levels by time:
     D:2: 1270 daAuts
     D:3: 1077 daAuts
     D:1: 1057 daAuts
     D:6: 696 daAuts
     D:4: 119 daAuts
     D:5: 56 daAuts
